 Dungeon Crawl Stone Soup version 0.24.0-123-gd5b16e6ec5 (webtiles) character file.

Game seed: 1314102337305065489, levelgen mode: deterministic

34 galbolle the Gusty (level 3, 0/26 HPs)
             Began as a Draconian Air Elementalist on Dec 22, 2019.
             Succumbed to an adder's poison
             ... on level 2 of the Dungeon.
             The game lasted 00:09:04 (1373 turns).

galbolle the Gusty (Draconian Air Elementalist)     Turns: 1373, Time: 00:09:05

Health: 0/26       AC:  5    Str: 10    XL:     3   Next: 14%
Magic:  1/6        EV: 12    Int: 16    God:
Gold:   80         SH:  0    Dex: 11    Spells: 3/6 levels left

rFire    . . .     SeeInvis .   a - +0 dagger (venom)
rCold    . . .     Gourm    .   (no shield)
rNeg     . . .     Faith    .   (armour unavailable)
rPois    .         Spirit   .   (helmet restricted)
rElec    .         Reflect  .   (no cloak)
rCorr    .         Harm     .   (no gloves)
MR       .....                  (no boots)
Stlth    ++........             (no amulet)
HPRegen  0.08/turn              (no ring)
MPRegen  0.10/turn              (no ring)

@: lethally poisoned (0 -> -12), very slightly contaminated
A: unfitting armour, cold-blooded, AC +5
a: no special abilities


You were on level 2 of the Dungeon.
You were hungry.

You visited 1 branch of the dungeon, and saw 3 of its levels.

You collected 80 gold pieces.

Inventory:

Hand Weapons
 a - a +0 dagger of venom (weapon)
Armour
 g - a +0 leather armour
Scrolls
 d - a scroll of blinking
 e - a scroll of magic mapping {unknown}
 f - 2 scrolls of identify
Potions
 c - a potion of agility
Comestibles
 b - 3 rations


   Skills:
 + Level 2.1 Dodging
 + Level 2.3 Stealth
 + Level 2.3 Spellcasting
 + Level 1.1 Conjurations
 + Level 3.4 Air Magic


You had 3 spell levels left.
You knew the following spells:

 Your Spells              Type           Power        Failure   Level  Hunger
a - Shock                 Conj/Air       #...         8%          1    #......
b - Swiftness             Chrm/Air       #.......     16%         2    ###....

Your spell library contained the following spells:

 Spells                   Type           Power        Failure   Level  Hunger
 Static Discharge         Conj/Air       #.......     24%         3    ###....
 Airstrike                Air            ##........   45%         4    #####..
 Lightning Bolt           Conj/Air       #.........   91%         5    ######.


Dungeon Overview and Level Annotations

Branches:
Dungeon (3/15)

Altars:

Annotations:
D:1 exclusion: dart slug
D:2 exclusion: gnoll, Natasha


Innate Abilities, Weirdness & Mutations

Your plain brown scales are hard. (AC +5)
You cannot fit into any form of body armour.
You are cold-blooded and may be slowed by cold attacks.


Message History

The adder bites you.
* * * LOW HITPOINT WARNING * * *
You are more poisoned.
The adder poisons you!
You hit the adder.
The adder looks as sick as possible!
The adder is heavily wounded.
* * * LOW HITPOINT WARNING * * *
You feel sick. The adder closely misses you.
You hit the adder.
You kill the adder!
You have reached level 3!
Your experience leads to an increase in your attributes!
Increase (S)trength, (I)ntelligence, or (D)exterity?
Uppercase letters only, please.
You feel clever.
Your scales feel tougher.
* * * LOW HITPOINT WARNING * * *
You feel sick.
* * * LOW HITPOINT WARNING * * *
You feel sick.
You die...

###†........# #..÷....#####.####.
#......###.# #.......#..........
#.....## #.# #.......#..........
#.##.## #.# #.......#..........
#.##.# #.# #.......'..........
#.##.# #.###.......#...o......
#.##.#####.#............>.....##
#.##.................########.#
#.##......###.#@#....# .#
#.##......# #.#.#....# #####
##'##......###.#.#...## #...#
........#............## #...#
........#.###.........# #...#
........#...#..#.#....####...#
...............#.#.......'...+...
.......##.#.#.##.#.....###...####
.......##.#.>....#.....# #.......


There were no monsters in sight!

Vanquished Creatures
  An adder (D:2)
  A worm (D:2)
  A leopard gecko (D:1)
  2 orcs
  A ball python (D:1)
  A giant cockroach (D:1)
  3 goblins (D:1)
  2 hobgoblins (D:1)
  3 frilled lizards
  A kobold (D:3)
  4 rats
20 creatures vanquished.

Notes
Turn   | Place    | Note
-------+----------+-------------------------------------------
     0 | D:1      | galbolle the Draconian Air Elementalist began the quest for
                  | the Orb.
     0 | D:1      | Reached XP level 1. HP: 14/14 MP: 3/3
   268 | D:1      | Reached XP level 2. HP: 18/20 MP: 1/5
   412 | D:1      | Learned a level 2 spell: Swiftness
  1142 | D:2      | Noticed Natasha
  1371 | D:2      | Reached XP level 3. HP: 3/26 MP: 0/6
  1372 | D:2      | HP: 1/26 [poisoned by an adder]
  1373 | D:2      | Succumbed to an adder's poison

Levels and vault maps discovered:
D:1:      minmay_arrival_diagonal_passages, layout_loops_ring
D:2:      kennysheep_six_static_rooms, layout_basic, uniq_natasha
D:3:      layout_rooms, minmay_fountain_box, uniq_terence

Skill      XL: |  1  2 |
---------------+-------+-----
Dodging        | 2 |  2.1
Stealth        | 2 |  2.3
Spellcasting   | |  2.3
Conjurations   | |  1.1
Air Magic      | |  3.4

Action                   || total
-------------------------++-------
Melee: Dagger            ||    21
       Tailslap          ||     1
 Cast: Shock             ||    22
  Use: Scroll            ||     2
 Stab: Sleeping          ||     3
  Eat: Chunk             ||     1
Armor: Skin              ||     4
Dodge: Dodged            ||    18
